 Dungeon Crawl Stone Soup version 0.19-a0-1882-gbb73ea0 (webtiles) character file.

30 Amnesiac the Ogre Mage (level 3, 0/35 HPs)
             Began as an Ogre Wizard on Oct 14, 2016.
             Slain by a hound (4 damage)
             ... on level 3 of the Dungeon.
             The game lasted 00:05:18 (994 turns).

Amnesiac the Ogre Mage (Ogre Wizard)                 Turns: 994, Time: 00:05:19

Health: 0/35       AC:  3    Str: 12    XL:     3   Next: 20%
Magic:  0/8        EV: 10    Int: 18    God:
Gold:   52         SH:  0    Dex:  8    Spells: 4 memorised, 0 levels left

rFire  . . .     SeeInvis .     (no weapon)
rCold  . . .     Gourm    .     a - +0 robe
rNeg   . . .     Faith    .     (no shield)
rPois  .         Spirit   .     b - +0 hat
rElec  .         Dismiss  .     (no cloak)
rCorr  .         Reflect  .     (gloves unavailable)
MR     .....     Harm     .     (boots unavailable)
Stlth  +.........               (no amulet)
                                (no ring)
                                (no ring)

@: no status effects
A: unfitting armour, tough skin 1
a: no special abilities


You were on level 3 of the Dungeon.
You were hungry.

You visited 1 branch of the dungeon, and saw 4 of its levels.

You collected 52 gold pieces.

Inventory:

Armour
 a - a +0 robe (worn)
 b - a +0 hat (worn)
Scrolls
 e - a scroll of enchant armour {unknown}
 f - a scroll of remove curse {unknown}
 g - 3 scrolls of identify {unknown}
 i - a scroll of magic mapping {unknown}
 n - a scroll of blinking {unknown}
Potions
 h - a potion of magic {unknown}
 k - a potion of heal wounds {unknown}
 l - a potion of degeneration {unknown}
 m - a potion of curing {unknown}
Books
 c - a book of Minor Magic

   Spells                             Type                      Level
   a - Magic Dart                     Conjuration                  1
   b - Blink                          Translocation                2
   c - Call Imp                       Summoning                    2
   d - Repel Missiles                 Charms/Air                   2
   e - Slow                           Hexes                        2
   f - Conjure Flame                  Conjuration/Fire             3
   g - Mephitic Cloud                 Conjuration/Poison/Air       3
Comestibles
 d - a bread ration
 j - a chunk of flesh


   Skills:
 + Level 2.2 Fighting
 + Level 2.6 Dodging
 - Level 1.4 Stealth
 - Level 3.6 Spellcasting
 - Level 0.6 Conjurations
 - Level 0.6 Summonings
   Level 0.6 Translocations


You couldn't memorise any spells.
You knew the following spells:

 Your Spells              Type           Power        Failure   Level  Hunger
d - Call Imp              Summ           #.......     17%         2    ##.....
e - Mephitic Cloud        Conj/Pois/Air  #.......     43%         3    ###....
f - Magic Dart            Conj           #...         12%         1    None
s - Conjure Flame         Conj/Fire      #.......     43%         3    ###....


Dungeon Overview and Level Annotations

Branches:
Dungeon (4/15)
 Temple: D:4-7

Altars:
Nemelex Xobeh


Innate Abilities, Weirdness & Mutations

You are too large for most types of armour.
You have tough skin. (AC +1)


Message History

Casting: Mephitic Cloud
Confirm with . or Enter, or press ? or * to list all spells.
You don't have enough magic to cast that spell.
Unknown command.
There is a stone staircase leading up here.
The hound bites you.
* * * LOW HITPOINT WARNING * * *
The hound closely misses you.
You climb upwards.
There is a stone staircase leading down here.
The hound bites you.
* * * LOW HITPOINT WARNING * * *
Okay, then.
Casting: Mephitic Cloud
Confirm with . or Enter, or press ? or * to list all spells.
A beastly little devil appears in a puff of flame.
The hound bites you but does no damage. The hound bites you.
* * * LOW HITPOINT WARNING * * *
The hound bites you.
You die...

#.....#
##.#.#.#
....#.#
#.#.#.###
######.#.#...#
..........>#5#
#+####.#.#.#.#
#.#...#h#
#.#####@# #.
#.# ## #.# #.#
#.# #.#
######.# #+#
#......# #.#
#)######


You could see a hound and a friendly crimson imp.

Vanquished Creatures
  An adder (D:2)
  A leopard gecko (D:1)
  4 goblins
  A kobold (D:2)
  3 bats
  2 rats
12 creatures vanquished.

Vanquished Creatures (collateral kills)
  An adder (D:4)
  An adder skeleton (D:4)
  A worm (D:1)
3 creatures vanquished.

Grand Total: 15 creatures vanquished

Notes
Turn   | Place    | Note
-------+----------+-------------------------------------------
     0 | D:1      | Amnesiac the Ogre Wizard began the quest for the Orb.
     0 | D:1      | Reached XP level 1. HP: 16/16 MP: 5/5
   252 | D:1      | Reached skill level 1 in Fighting
   316 | D:2      | Reached XP level 2. HP: 27/27 MP: 2/6
   320 | D:2      | Learned a level 2 spell: Call Imp
   745 | D:3      | Found a sparkling altar of Nemelex Xobeh.
   771 | D:3      | Reached XP level 3. HP: 35/35 MP: 5/8
   776 | D:3      | Learned a level 3 spell: Mephitic Cloud
   780 | D:3      | Learned a level 3 spell: Conjure Flame
   994 | D:3      | Slain by a hound

Vault maps used:
D:1:      dpeg_arrival_windows_large_door
D:2:      lightli_temple_of_fire
D:3:      nemelex_xobeh_ov_fountains_minmay,
          chequers_temple_overflow_minitemple, first_bread, uniq_natasha
D:4:      ashenzari_conservatory_becter

Skill      XL: |  1  2 |
---------------+-------+-----
Fighting       | 1 2 |  2.2
Dodging        | 2 |  2.6
Stealth        | |  1.4
Spellcasting   | |  3.6
Conjurations   | |  0.6
Summonings     | |  0.6
Translocations | |  0.6

Action                   || total
-------------------------++-------
Melee: Unarmed           ||    17
 Cast: Magic Dart        ||    40
       Call Imp          ||     5
       Mephitic Cloud    ||     2
 Stab: Confused          ||     1
Armor: Robe              ||     9
Dodge: Dodged            ||    13
